 Dungeon Crawl Stone Soup version 0.28.0-49-g6dfe1f597d (webtiles) character file.

Game seed: 12006398290350780815

1 Zeld the Insei (level 1, -1/13 HPs)
             Began as an Octopode Transmuter on May 15, 2022.
             Slain by a dart slug (2 damage)
             ... on level 1 of the Dungeon.
             The game lasted 00:00:16 (131 turns).

Zeld the Insei (Octopode Transmuter)                 Turns: 131, Time: 00:00:17

Health: -1/13      AC:  1    Str:  9    XL:     1   Next: 20%
Magic:  2/3        EV: 13    Int: 15    God:
Gold:   13         SH:  0    Dex: 12    Spells: 3/4 levels left

rFire   . . .      SeeInvis .     - Unarmed
rCold   . . .      Faith    .   (no shield)
rNeg    . . .      Spirit   .   (helmet currently unavailable)
rPois   .          Reflect  .   (no amulet)
rElec   .          Harm     .   (no ring)
rCorr   .          Rampage  .   (no ring)
Will    .....                   (no ring)
Stlth   ++........              (no ring)
HPRegen 0.04/turn               (no ring)
MPRegen 0.08/turn               (no ring)
                                (no ring)
                                (no ring)

@: appendages (expiring)
A: tentacle spike 3, almost no armour, amphibious, 8 rings, camouflage 1,
gelatinous body 1, (nimble swimmer 1), tentacles
a: End Transformation


You were on level 1 of the Dungeon.
One of your tentacles had grown a beastly spike.
You visited 1 branch of the dungeon, and saw 1 of its levels.

You collected 13 gold pieces.

You aren't carrying anything.


   Skills:
 - Level 1.0 Fighting
 - Level 2.0 Dodging
 + Level 0.2 Stealth
 - Level 3.0 Unarmed Combat
 * Level 2.0 Spellcasting
 * Level 2.0 Transmutations
 + Level 0.0 Ice Magic
 + Level 0.0 Poison Magic


You had 3 spell levels left.
You knew the following spells:

 Your Spells              Type           Power      Damage    Failure   Level
a - Beastly Appendage     Tmut           14%        N/A       10%         1

Your spell library contained the following spells:

 Spells                   Type           Power      Damage    Failure   Level
 Wereblood                Tmut           7%         N/A       14%         2
 Spider Form              Tmut/Pois      4%         N/A       41%         3
 Ice Form                 Ice/Tmut       4%         N/A       82%         4


Dungeon Overview and Level Annotations

Branches:
Dungeon (1/15)

Altars:


Innate Abilities, Weirdness & Mutations

One of your tentacles has grown a beastly spike.
You cannot wear most types of armour.
You are amphibious.
You can wear up to eight rings at the same time.
Your skin changes colour to match your surroundings (Stealth+).
Your rubbery body absorbs attacks. (AC +1, EV +1)
((You are camouflaged when in or above water. (Stealth+)))
You have tentacles for arms and can constrict up to eight enemies at once.


Message History

You now have 13 gold pieces (gained 9).
Found 2 boomerangs of dispersal.
Casting: Beastly Appendage (safe; 10% risk of failure)
Confirm with . or Enter, or press ? or * to list all spells.
One of your tentacles grows a vicious spike.
Your transformation is almost over.
Key pressed, stopping explore.
No target in view!
No target in view!
Your tentacle spike disappears.
You see here 2 boomerangs of dispersal.
A dart slug comes into view.
Found 3 gold pieces.
A dart slug is nearby!
A frilled lizard comes into view.
The frilled lizard hisses angrily.
The dart slug launches a dart at you. The slug dart hits you.
The dart slug launches a dart at you. The slug dart hits you.
There are monsters nearby!
Casting: Beastly Appendage (safe; 10% risk of failure)
Confirm with . or Enter, or press ? or * to list all spells.
One of your tentacles grows a vicious spike.
The frilled lizard bites you.
* * * LOW HITPOINT WARNING * * *
You are too injured to fight recklessly!
You are too injured to fight recklessly!
You see here 3 gold pieces.
The frilled lizard bites you.
* * * LOW HITPOINT WARNING * * *
You tentacle-slap the frilled lizard but do no damage.
You grab the frilled lizard.
You constrict the frilled lizard, but do no damage.
The frilled lizard bites you but does no damage.
You tentacle-slap the frilled lizard.
You kill the frilled lizard!
Your transformation is almost over.
The dart slug bites you.
You die...

#### ####### #...#
#.....####### #...#
#............ #...#
#............ #...#
#....(.......
#...######...#####....
#....@..........##.###
#...w#####.#.##....#..
#..$.#####....#..#....
#....##.....###.....#.
#....##....(# ###...#.
.......##.....# ###.#.
####...###.....#
###...#. #...# #.....#
#...#...
#...###.....###.#.#.#.


You could see a dart slug.

Vanquished Creatures
  2 frilled lizards (D:1)
2 creatures vanquished.

Notes
Turn   | Place    | Note
-------+----------+-------------------------------------------
     0 | D:1      | Zeld the Octopode Transmuter began the quest for the Orb.
     0 | D:1      | Reached XP level 1. HP: 13/13 MP: 3/3
   131 | D:1      | Slain by a dart slug

Illustrated notes

Levels and vault maps discovered:
D:1:      dpeg_arrival_yet_another_circle, layout_basic

Action                   || total
-------------------------++-------
Melee: Unarmed           ||     3
       Constrict         ||     2
 Cast: Beastly Appendage ||     3
Armor: Skin              ||     1
